[Event "NOR-ch Various 2019"]
[Site "Larvik"]
[Date "2019.07.08"]
[Round "3.33"]
[White "Thanke, Bror"]
[Black "Gulbrandsen, Tor"]
[Result "1/2-1/2"]
[ECO "C10"]
[WhiteElo "2191"]
[BlackElo "2120"]
[Annotator "NA"]
[PlyCount "29"]
[EventDate "2019.07.06"]
[EventType "swiss"]
[EventCountry "NOR"]
[SourceTitle "playchess.com"]
[Source "ChessBase"]
[SourceQuality "1"]
[TimeControl "40/5400+30:1800+30"]

1. e4 e6 2. d4 d5 3. Nc3 dxe4 4. Nxe4 Nd7 5. Nf3 Ngf6 6. Bd3 Be7 7. O-O O-O 8. Qe2 b6 9. c3 Bb7 10. h3 Nxe4 11. Bxe4 Bxe4 12. Qxe4 h6 13. Bf4 Bd6 14. Bxd6 cxd6 15. a4 1/2-1/2

[Event "NOR-ch Various 2019"]
[Site "Larvik"]
[Date "2019.07.08"]
[Round "3.34"]
[White "Sidali, Elias Hulleberg"]
[Black "Hole, Oystein"]
[Result "0-1"]
[ECO "B18"]
[WhiteElo "2041"]
[BlackElo "2293"]
[Annotator "NA"]
[PlyCount "62"]
[EventDate "2019.07.06"]
[EventType "swiss"]
[EventCountry "NOR"]
[SourceTitle "playchess.com"]
[Source "ChessBase"]
[SourceQuality "1"]
[TimeControl "40/5400+30:1800+30"]

1. e4 c6 2. d4 d5 3. Nc3 dxe4 4. Nxe4 Bf5 5. Nc5 b6 6. Nb3 e6 7. Nf3 a5 8. a4 Nf6 9. g3 Bd6 10. Bg2 h6 11. O-O O-O 12. Nbd2 Nd5 13. Re1 Nd7 14. Ne4 Bc7 15. c4 Nb4 16. Bd2 Qe7 17. Bc3 Rac8 18. Nh4 Bh7 19. f4 Bxf4 20. d5 cxd5 21. cxd5 Nxd5 22. Bd4 Be5 23. Bxe5 Nxe5 24. Nf2 Qd6 25. Qh5 Nd7 26. Rad1 N7f6 27. Qe2 Qb4 28. Qe5 Rc2 29. Ne4 Nxe4 30. Bxe4 Bxe4 31. Rxe4 Qxb2 0-1

[Event "NOR-ch Various 2019"]
[Site "Larvik"]
[Date "2019.07.08"]
[Round "3.35"]
[White "Moen, Ole Christian"]
[Black "Grover, Sigurd Loe"]
[Result "1-0"]
[ECO "C01"]
[WhiteElo "2234"]
[BlackElo "2052"]
[Annotator "NA RC"]
[PlyCount "47"]
[EventDate "2019.07.06"]
[EventType "swiss"]
[EventCountry "NOR"]
[SourceTitle "playchess.com"]
[Source "ChessBase"]
[SourceQuality "1"]
[TimeControl "40/5400+30:1800+30"]

1. e4 e6 2. d4 d5 3. Nc3 Nf6 4. Bd3 c5 5. exd5 exd5 6. Bg5 c4 7. Be2 Bb4 8. Bf3 Bxc3+ 9. bxc3 Be6 10. Ne2 h6 11. Bxf6 Qxf6 12. Qb1 Qe7 13. O-O g5 14. Re1 g4 15. Bxd5 Bxd5 16. Nf4 Be6 17. d5 O-O 18. dxe6 Nc6 19. Nd5 Qg5 20. e7 Rfc8 21. Qd1 Ne5 22. Kh1 h5 23. Qd4 Nc6 24. Nf6+ 1-0

[Event "NOR-ch Various 2019"]
[Site "Larvik"]
[Date "2019.07.08"]
[Round "3.36"]
[White "Sorgjerd, Jan"]
[Black "Hagesather, Ellen"]
[Result "1-0"]
[ECO "A85"]
[WhiteElo "2033"]
[BlackElo "2193"]
[Annotator "NA"]
[PlyCount "151"]
[EventDate "2019.07.06"]
[EventType "swiss"]
[EventCountry "NOR"]
[SourceTitle "playchess.com"]
[Source "ChessBase"]
[SourceQuality "1"]
[TimeControl "40/5400+30:1800+30"]

1. d4 d5 2. Nf3 e6 3. e3 f5 4. c4 c6 5. Nc3 Nf6 6. Be2 Bd6 7. O-O O-O 8. Ne1 b6 9. f4 Bb7 10. b3 Nbd7 11. Nd3 Qe7 12. Ne5 Rac8 13. Bb2 a6 14. Rc1 Bb4 15. Nd3 Bd6 16. Ne5 dxc4 17. Nxc4 Bc7 18. Bf3 b5 19. Ne5 Bb6 20. Kh1 Nb8 21. Qe2 c5 22. dxc5 Bxc5 23. Nd3 Ba7 24. a3 Bxf3 25. gxf3 Nbd7 26. Rfd1 Nh5 27. Nb1 Qh4 28. Rg1 Rxc1 29. Nxc1 Ndf6 30. Nc3 Re8 31. Nd3 Nd7 32. Nd1 Qe7 33. Qc2 Nb6 34. Bd4 Nd5 35. Nc5 Rc8 36. b4 a5 37. Qb2 axb4 38. axb4 Nxb4 39. Nxe6 Qxe6 40. Bxa7 Qd5 41. Qg2 Nc6 42. e4 Qb3 43. Be3 Rd8 44. Qb2 Qc4 45. Nf2 fxe4 46. fxe4 b4 47. Rc1 Qe6 48. f5 Qe8 49. Rg1 Ne5 50. Qxb4 Nf3 51. Qb3+ Kh8 52. Rd1 Rb8 53. Qc3 Rc8 54. Qb2 Nf6 55. Qe2 Qh5 56. Bf4 Ng4 57. Nxg4 Qxg4 58. Bg3 h5 59. Rf1 Rc3 60. e5 Qxf5 61. e6 Qd5 62. Qg2 Re3 63. e7 h4 64. Rxf3 Qd1+ 65. Rf1 Qd7 66. Bxh4 Kh7 67. Bg5 Re5 68. h4 Qd3 69. Qf3 Qg6 70. Rg1 Qe8 71. Rd1 Qg6 72. Qd3 Re4 73. Qd5 Re2 74. Rf1 Kh8 75. Rf8+ Kh7 76. Qg8# 1-0

[Event "NOR-ch Various 2019"]
[Site "Larvik"]
[Date "2019.07.08"]
[Round "3.37"]
[White "Schreiber, Kevin"]
[Black "Martinsen, Stig K"]
[Result "0-1"]
[ECO "A21"]
[WhiteElo "2030"]
[BlackElo "2177"]
[Annotator "NA"]
[PlyCount "114"]
[EventDate "2019.07.06"]
[EventType "swiss"]
[EventCountry "NOR"]
[SourceTitle "playchess.com"]
[Source "ChessBase"]
[SourceQuality "1"]
[TimeControl "40/5400+30:1800+30"]

1. c4 e5 2. g3 d6 3. Bg2 Be7 4. Nc3 f5 5. d3 Nf6 6. e3 O-O 7. Nge2 a5 8. O-O Qe8 9. Nd5 Bd8 10. b3 c6 11. Nxf6+ Rxf6 12. Bb2 Rh6 13. Qd2 Qh5 14. f4 Qxh2+ 15. Kf2 Qh5 16. fxe5 dxe5 17. Bxe5 Qe8 18. Bd4 Nd7 19. Rh1 Rxh1 20. Rxh1 Bf6 21. Nf4 Qe7 22. Qc3 Ne5 23. Bxe5 Bxe5 24. d4 Bf6 25. c5 g6 26. Qc4+ Kg7 27. d5 cxd5 28. Nxd5 Qe5 29. Nb6 Be6 30. Bd5 Re8 31. Bxe6 Rxe6 32. Re1 Bg5 33. Nd5 h5 34. Nf4 Re7 35. Re2 h4 36. gxh4 Bxh4+ 37. Kf1 g5 38. Nd5 Rd7 39. Rd2 g4 40. Qd4 Bf6 41. Qxe5 Bxe5 42. a3 Kf7 43. Ke2 Ke6 44. Nb6 Rxd2+ 45. Kxd2 Bc7 46. Na4 Kd5 47. Kd3 g3 48. Ke2 f4 49. exf4 Bxf4 50. Kf3 Be5 51. Nb6+ Kxc5 52. Nc4 Bc7 53. Nd2 Kd4 54. a4 Kc3 55. Ke2 g2 56. Ne4+ Kd4 57. Nd2 Bh2 0-1

[Event "NOR-ch Various 2019"]
[Site "Larvik"]
[Date "2019.07.08"]
[Round "3.38"]
[White "Fossan, Aleksander"]
[Black "Fossan, Andreas"]
[Result "1-0"]
[ECO "C01"]
[WhiteElo "2155"]
[BlackElo "2023"]
[Annotator "NA"]
[PlyCount "74"]
[EventDate "2019.07.06"]
[EventType "swiss"]
[EventCountry "NOR"]
[SourceTitle "playchess.com"]
[Source "ChessBase"]
[SourceQuality "1"]
[TimeControl "40/5400+30:1800+30"]

1. e4 e6 2. d4 d5 3. exd5 exd5 4. Nf3 Nf6 5. Bg5 Be7 6. Bd3 O-O 7. O-O Bg4 8. Nbd2 Nbd7 9. c3 c6 10. Re1 Re8 11. Qc2 h6 12. Bf4 Nh5 13. Be5 Bf6 14. Bh7+ Kh8 15. Bf5 Bxf5 16. Qxf5 g6 17. Qh3 Bxe5 18. dxe5 Kh7 19. g3 Nc5 20. Nd4 Ng7 21. f4 Qc8 22. Qh4 Qd8 23. Qh3 Nge6 24. N2f3 Nxd4 25. cxd4 Ne4 26. Rad1 Kg7 27. f5 gxf5 28. Qxf5 Qc8 29. Qh5 c5 30. Nh4 Qe6 31. Rf1 Rf8 32. Rf6 Nxf6 33. Nf5+ Kg8 34. Nxh6+ Kg7 35. Nf5+ Kg8 36. Nh6+ Kh7 37. exf6 Qe3+ 1-0

[Event "NOR-ch Various 2019"]
[Site "Larvik"]
[Date "2019.07.08"]
[Round "3.39"]
[White "Skagseth, Havard M"]
[Black "Esbensen, Arnt"]
[Result "1-0"]
[ECO "C42"]
[WhiteElo "2002"]
[BlackElo "2153"]
[Annotator "NA"]
[PlyCount "101"]
[EventDate "2019.07.06"]
[EventType "swiss"]
[EventCountry "NOR"]
[SourceTitle "playchess.com"]
[Source "ChessBase"]
[SourceQuality "1"]
[TimeControl "40/5400+30:1800+30"]

1. e4 e5 2. Nf3 Nf6 3. Nxe5 d6 4. Nf3 Nxe4 5. Nc3 Nxc3 6. dxc3 Nc6 7. Be3 Be7 8. Qd2 Bg4 9. Be2 Qd7 10. O-O-O Rb8 11. Kb1 O-O 12. Nd4 Bxe2 13. Qxe2 a6 14. Nxc6 bxc6 15. Bd4 Rfe8 16. Qd3 a5 17. c4 Bf8 18. Bc3 a4 19. h4 Qg4 20. h5 Re6 21. g3 Qe4 22. Rhe1 Qg4 23. Rh1 Rbe8 24. Rh4 Qe2 25. Qxe2 Rxe2 26. Bd4 R2e4 27. Rxe4 Rxe4 28. b3 a3 29. Be3 f5 30. Bc1 Re2 31. Be3 d5 32. Rh1 Bb4 33. Kc1 Re1+ 34. Rxe1 Bxe1 35. Bc5 Kf7 36. Kd1 Bc3 37. Bxa3 f4 38. Ke2 fxg3 39. fxg3 Kf6 40. cxd5 cxd5 41. Bc5 Ke6 42. b4 Kd7 43. a4 Kc6 44. g4 g6 45. Kd3 Be1 46. c3 Bg3 47. Be3 Kb7 48. b5 c6 49. c4 dxc4+ 50. Kxc4 Bd6 51. a5 1-0

[Event "NOR-ch Various 2019"]
[Site "Larvik"]
[Date "2019.07.08"]
[Round "3.40"]
[White "Skotheim, Andreas"]
[Black "Kvam, Audun"]
[Result "1-0"]
[ECO "A70"]
[WhiteElo "2138"]
[BlackElo "2017"]
[Annotator "NA"]
[PlyCount "91"]
[EventDate "2019.07.06"]
[EventType "swiss"]
[EventCountry "NOR"]
[SourceTitle "playchess.com"]
[Source "ChessBase"]
[SourceQuality "1"]
[TimeControl "40/5400+30:1800+30"]

1. d4 Nf6 2. c4 e6 3. Nc3 c5 4. d5 exd5 5. cxd5 d6 6. Nf3 g6 7. h3 Bg7 8. e4 a6 9. a4 Nbd7 10. Bd3 O-O 11. O-O Re8 12. Re1 Qc7 13. Bc4 h6 14. Bf4 Nh5 15. Bh2 Ne5 16. Nd2 Qe7 17. f4 Nd7 18. g4 Nhf6 19. Nf3 Nb6 20. Ba2 Nxg4 21. hxg4 Bxg4 22. a5 Nd7 23. Qd3 Bxf3 24. Qxf3 Bd4+ 25. Kg2 Kh7 26. Bb1 f5 27. Bc2 Qf6 28. Bg3 g5 29. fxg5 hxg5 30. Qxf5+ Qxf5 31. exf5 Ne5 32. Ne4 Nc4 33. Bf2 Bxb2 34. Rab1 Be5 35. Rxb7+ Kg8 36. Bg3 Rab8 37. Rxb8 Rxb8 38. Bxe5 Nxe5 39. Nxd6 Nd7 40. Re8+ Rxe8 41. Nxe8 Kf7 42. Nc7 Kf6 43. Nxa6 Ke5 44. Ba4 Nf6 45. Nc7 Kd6 46. Ne8+ 1-0

[Event "NOR-ch Various 2019"]
[Site "Larvik"]
[Date "2019.07.08"]
[Round "3.41"]
[White "Johnsen, Kjell Magne"]
[Black "Huse, Sigurd Kjelsbol"]
[Result "0-1"]
[ECO "D00"]
[WhiteElo "1995"]
[BlackElo "2122"]
[Annotator "NA"]
[PlyCount "102"]
[EventDate "2019.07.06"]
[EventType "swiss"]
[EventCountry "NOR"]
[SourceTitle "playchess.com"]
[Source "ChessBase"]
[SourceQuality "1"]
[TimeControl "40/5400+30:1800+30"]

1. d4 d5 2. Nc3 Bf5 3. Bf4 e6 4. e3 Nf6 5. Nf3 c6 6. a3 Nbd7 7. Ne5 Nxe5 8. Bxe5 Ne4 9. Nxe4 Bxe4 10. f3 Bg6 11. Bd3 Qh4+ 12. Bg3 Qg5 13. Qe2 h5 14. O-O h4 15. Bf4 Qh5 16. Bxg6 Qxg6 17. h3 Rd8 18. c4 Bd6 19. Bxd6 Rxd6 20. c5 Rd7 21. b4 Re7 22. f4 Rh6 23. Rad1 f6 24. Qf3 Qf5 25. Qf2 Kf7 26. Kh2 Re8 27. Qf3 Rg6 28. Qe2 Kg8 29. Qd3 Rg3 30. Rf3 Rxf3 31. gxf3 Qh5 32. e4 dxe4 33. fxe4 e5 34. dxe5 fxe5 35. f5 Qg5 36. Qf3 Rd8 37. Rxd8+ Qxd8 38. Qb3+ Kh8 39. Qf7 Qd2+ 40. Kg1 Qe3+ 41. Kf1 Qxh3+ 42. Kg1 Qg4+ 43. Kh2 Kh7 44. f6 Qg3+ 45. Kh1 Qg6 46. Qxb7 Qxe4+ 47. Kg1 Qg6+ 48. Kh1 Qxf6 49. b5 Qf3+ 50. Kh2 h3 51. Qxc6 e4 0-1

[Event "NOR-ch Various 2019"]
[Site "Larvik"]
[Date "2019.07.09"]
[Round "4.1"]
[White "Smeby, Ole"]
[Black "Stake-Larsen, Gunnar"]
[Result "1/2-1/2"]
[ECO "D48"]
[WhiteElo "1887"]
[BlackElo "1976"]
[Annotator "NA"]
[PlyCount "134"]
[EventDate "2019.07.06"]
[EventType "swiss"]
[EventCountry "NOR"]
[SourceTitle "playchess.com"]
[Source "ChessBase"]
[SourceQuality "1"]
[TimeControl "40/5400+30:1800+30"]

1. d4 d5 2. c4 e6 3. Nf3 c6 4. e3 Nf6 5. Bd3 Nbd7 6. Nc3 dxc4 7. Bxc4 b5 8. Bd3 a6 9. O-O c5 10. Bc2 Bb7 11. Re1 b4 12. Na4 cxd4 13. exd4 Be7 14. Bf4 O-O 15. Rc1 Rc8 16. Qe2 Qa5 17. b3 Qh5 18. Ne5 Qxe2 19. Rxe2 Nxe5 20. dxe5 Nd5 21. Bd2 Rfd8 22. Nb2 Nc3 23. Bxc3 Rxc3 24. Rd1 Rxd1+ 25. Nxd1 Rc8 26. Ne3 Rd8 27. Nc4 Kf8 28. h3 Rd4 29. Rd2 Rxd2 30. Nxd2 Bc5 31. Kf1 h6 32. Be4 Bc8 33. Ke2 Bd7 34. f4 a5 35. g4 Ke7 36. Bd3 f6 37. exf6+ gxf6 38. Nc4 a4 39. bxa4 Bxa4 40. Nd2 Bd4 41. Be4 Bb5+ 42. Bd3 Bd7 43. Be4 Be8 44. Nb3 Bb6 45. Kf3 Kd6 46. Ke2 Bd8 47. Nd4 h5 48. Kd3 hxg4 49. hxg4 Bf7 50. Nc6 Bb6 51. Nxb4 e5 52. fxe5+ Kxe5 53. Bf5 Kf4 54. a3 Bc5 55. Kc3 Kg5 56. a4 Bh5 57. Nd5 Bxg4 58. Bxg4 Kxg4 59. Nxf6+ Kf5 60. Kc4 Ba7 61. Nd5 Ke6 62. Nb4 Kd7 63. Kb5 Kc8 64. Ka6 Bf2 65. Nc6 Kc7 66. Ne7 Kb8 67. Nd5 Ka8 1/2-1/2

[Event "NOR-ch Various 2019"]
[Site "Larvik"]
[Date "2019.07.09"]
[Round "4.2"]
[White "Skogheim, Ole Morten"]
[Black "Overlie, Finn"]
[Result "1-0"]
[ECO "C42"]
[WhiteElo "1968"]
[BlackElo "1794"]
[Annotator "NA"]
[PlyCount "33"]
[EventDate "2019.07.06"]
[EventType "swiss"]
[EventCountry "NOR"]
[SourceTitle "playchess.com"]
[Source "ChessBase"]
[SourceQuality "1"]
[TimeControl "40/5400+30:1800+30"]

1. e4 e5 2. Nf3 Nf6 3. Nxe5 d6 4. Nf3 Nxe4 5. Nc3 Nxc3 6. dxc3 Be7 7. Bf4 Nc6 8. Qd2 h6 9. O-O-O Be6 10. Kb1 a6 11. Bd3 Qd7 12. Rhe1 O-O-O 13. Nd4 Nxd4 14. cxd4 Rhe8 15. Qa5 Qc6 16. Bf1 Bf5 17. Qxf5+ 1-0

[Event "NOR-ch Various 2019"]
[Site "Larvik"]
[Date "2019.07.09"]
[Round "4.3"]
[White "Mottang, Harald"]
[Black "Starli, Atle"]
[Result "0-1"]
[ECO "D78"]
[WhiteElo "1559"]
[BlackElo "1526"]
[Annotator "NA"]
[PlyCount "42"]
[EventDate "2019.07.06"]
[EventType "swiss"]
[EventCountry "NOR"]
[SourceTitle "playchess.com"]
[Source "ChessBase"]
[SourceQuality "1"]
[TimeControl "40/5400+30:1800+30"]

1. Nf3 d5 2. c4 c6 3. d4 Nf6 4. Nc3 g6 5. g3 Bg7 6. Bg2 O-O 7. O-O dxc4 8. a4 Bf5 9. Nh4 Be6 10. e4 Na6 11. f4 Qb6 12. a5 Qd8 13. f5 Bc8 14. Ra4 e6 15. fxg6 fxg6 16. Bg5 e5 17. Rxc4 Qxa5 18. dxe5 Qxe5 19. Bf4 Qa5 20. Ra4 Qb6+ 21. Rf2 Ng4 0-1

[Event "NOR-ch Various 2019"]
[Site "Larvik"]
[Date "2019.07.09"]
[Round "4.4"]
[White "Kristiansen, Oddvar"]
[Black "Wessel-Berg, Dag"]
[Result "1/2-1/2"]
[ECO "C54"]
[WhiteElo "1479"]
[BlackElo "1486"]
[Annotator "NA"]
[PlyCount "59"]
[EventDate "2019.07.06"]
[EventType "swiss"]
[EventCountry "NOR"]
[SourceTitle "playchess.com"]
[Source "ChessBase"]
[SourceQuality "1"]
[TimeControl "40/5400+30:1800+30"]

1. e4 e5 2. Nf3 Nc6 3. Bc4 Nf6 4. Qe2 Bc5 5. c3 O-O 6. O-O d6 7. d3 h6 8. h3 a6 9. a4 Ne7 10. d4 exd4 11. cxd4 Ba7 12. Nc3 c6 13. e5 dxe5 14. dxe5 Nh7 15. Be3 Bb8 16. Rfd1 Qc7 17. Bc5 Re8 18. Bd6 Qb6 19. a5 Qa7 20. Bxe7 Bxh3 21. gxh3 Rxe7 22. Rd8+ Nf8 23. Rad1 Bc7 24. Rxa8 Qxa8 25. Ne4 Qc8 26. Nd6 Qxh3 27. Nxb7 Qg4+ 28. Kf1 Qh3+ 29. Kg1 Qg4+ 30. Kf1 1/2-1/2

[Event "NOR-ch Various 2019"]
[Site "Larvik"]
[Date "2019.07.09"]
[Round "4.5"]
[White "Omtvedt, Aleksander"]
[Black "Engeset, Audun"]
[Result "1/2-1/2"]
[ECO "D04"]
[WhiteElo "1871"]
[BlackElo "1944"]
[Annotator "NA"]
[PlyCount "57"]
[EventDate "2019.07.06"]
[EventType "swiss"]
[EventCountry "NOR"]
[SourceTitle "playchess.com"]
[Source "ChessBase"]
[SourceQuality "1"]
[TimeControl "40/5400+30:1800+30"]

1. d4 Nf6 2. Nf3 c5 3. c3 Qb6 4. e3 g6 5. Nbd2 d5 6. Bd3 Bg7 7. Ne5 O-O 8. O-O Nc6 9. f4 Nd7 10. Nxc6 bxc6 11. Qb3 Qxb3 12. axb3 cxd4 13. exd4 c5 14. Nf3 cxd4 15. cxd4 Nf6 16. Ra5 e6 17. Bd2 Ne4 18. Bc3 Rd8 19. Rfa1 Rd7 20. Be1 Rc7 21. b4 Nd6 22. b5 Rb7 23. Ne5 Bxe5 24. fxe5 Nc4 25. Bxc4 dxc4 26. R1a4 Bd7 27. Rxc4 Bxb5 28. Rc5 a6 29. Ra1 1/2-1/2

[Event "NOR-ch Various 2019"]
[Site "Larvik"]
[Date "2019.07.09"]
[Round "4.6"]
[White "Kyrkjebo, Hanna B."]
[Black "Kittilsen, Sigurd"]
[Result "1/2-1/2"]
[ECO "B27"]
[WhiteElo "1915"]
[BlackElo "1894"]
[Annotator "NA"]
[PlyCount "81"]
[EventDate "2019.07.06"]
[EventType "swiss"]
[EventCountry "NOR"]
[SourceTitle "playchess.com"]
[Source "ChessBase"]
[SourceQuality "1"]
[TimeControl "40/5400+30:1800+30"]

1. e4 c5 2. Nf3 g6 3. d4 cxd4 4. Qxd4 Nf6 5. Nc3 Nc6 6. Qa4 d6 7. e5 dxe5 8. Nxe5 Bg7 9. Bb5 O-O 10. Nxc6 bxc6 11. Bxc6 Bd7 12. O-O Rc8 13. Bxd7 Qxd7 14. Qxd7 Nxd7 15. Bd2 Nb6 16. Rfe1 e6 17. Red1 Nc4 18. Rab1 Nxd2 19. Rxd2 Bxc3 20. bxc3 Rxc3 21. Rb7 Rfc8 22. g3 R8c7 23. Rxc7 Rxc7 24. Rd8+ Kg7 25. Ra8 Rxc2 26. Rxa7 Kf6 27. a4 Ra2 28. a5 h5 29. a6 e5 30. Ra8 e4 31. a7 Ra1+ 32. Kg2 Ra2 33. Kf1 Kg7 34. Ke1 Kf6 35. h3 Kg7 36. Kd1 Kf6 37. Ke1 Kg7 38. h4 Kf6 39. Kf1 Kg7 40. Ke1 Kf6 41. Kf1 1/2-1/2

[Event "NOR-ch Various 2019"]
[Site "Larvik"]
[Date "2019.07.09"]
[Round "4.7"]
[White "Akali, Mark"]
[Black "Oldernes, Lars-Arne"]
[Result "0-1"]
[ECO "C42"]
[WhiteElo "1730"]
[BlackElo "1684"]
[Annotator "NA"]
[PlyCount "126"]
[EventDate "2019.07.06"]
[EventType "swiss"]
[EventCountry "NOR"]
[SourceTitle "playchess.com"]
[Source "ChessBase"]
[SourceQuality "1"]
[TimeControl "40/5400+30:1800+30"]

1. e4 e5 2. Nf3 Nf6 3. Nc3 Bb4 4. Bc4 O-O 5. O-O d6 6. d3 Be6 7. Nd5 Nxd5 8. exd5 Bg4 9. h3 Bh5 10. g4 Bg6 11. a4 a5 12. Bg5 f6 13. Be3 Nd7 14. Nh4 f5 15. Nxg6 hxg6 16. f4 Qh4 17. Kg2 exf4 18. Bxf4 Nf6 19. Bg3 Qg5 20. Bf4 Qh4 21. Bg3 Qh6 22. c3 fxg4 23. hxg4 Bc5 24. d4 Bb6 25. Rf4 g5 26. Rf3 Ne4 27. Bd3 Nxg3 28. Rxg3 c5 29. Bf5 Rxf5 30. gxf5 cxd4 31. cxd4 Qf6 32. Qg4 Bxd4 33. Qxg5 Qe5 34. f6 Qxf6 35. Qxf6 Bxf6 36. Rb1 Re8 37. Rb3 Re4 38. Rxb7 Rxa4 39. b4 axb4 40. R1xb4 Ra2+ 41. Kf3 Kh7 42. Ke4 Kg6 43. Rb3 Re2+ 44. Kf3 Rd2 45. Ke4 Rd4+ 46. Ke3 Rxd5 47. Rd3 Rxd3+ 48. Kxd3 Kf5 49. Ke3 Be5 50. Rf7+ Ke6 51. Rf8 d5 52. Re8+ Kf5 53. Kf3 d4 54. Rf8+ Bf6 55. Rf7 g5 56. Rxf6+ Kxf6 57. Ke4 Ke6 58. Kxd4 Kf5 59. Ke3 Kg4 60. Kf2 Kh3 61. Kg1 g4 62. Kh1 g3 63. Kg1 g2 0-1

[Event "NOR-ch Various 2019"]
[Site "Larvik"]
[Date "2019.07.09"]
[Round "4.8"]
[White "Sinnes, Daniel"]
[Black "Grondahl, David A"]
[Result "0-1"]
[ECO "B56"]
[WhiteElo "1609"]
[BlackElo "1730"]
[Annotator "NA"]
[PlyCount "72"]
[EventDate "2019.07.06"]
[EventType "swiss"]
[EventCountry "NOR"]
[SourceTitle "playchess.com"]
[Source "ChessBase"]
[SourceQuality "1"]
[TimeControl "40/5400+30:1800+30"]

1. e4 c5 2. Nf3 Nc6 3. d4 cxd4 4. Nxd4 Nf6 5. Nc3 e5 6. Nde2 Be7 7. g3 d6 8. Bg2 Be6 9. O-O Nd7 10. Nd5 O-O 11. Nec3 Nb6 12. f4 Bxd5 13. exd5 Nd4 14. Be3 Nf5 15. Qd3 Nxe3 16. Qxe3 Nc4 17. Qe2 Qb6+ 18. Kh1 Qxb2 19. Ne4 Na3 20. fxe5 Qxe5 21. c3 a6 22. g4 g6 23. Rae1 Bh4 24. Rd1 b5 25. Rd3 Nc4 26. Rh3 Be7 27. Bf3 Rae8 28. Re1 Bd8 29. Qg2 Qf4 30. Qe2 Nd2 31. Qd3 Nxe4 32. Rxe4 Qc1+ 33. Kg2 Bb6 34. Kg3 Qg1+ 35. Kh4 Bd8+ 36. g5 Qxg5# 0-1

[Event "NOR-ch Various 2019"]
[Site "Larvik"]
[Date "2019.07.09"]
[Round "4.9"]
[White "Johansen, Aleksander"]
[Black "Wullum, Robin"]
[Result "0-1"]
[ECO "D80"]
[WhiteElo "1518"]
[BlackElo "1452"]
[Annotator "NA"]
[PlyCount "158"]
[EventDate "2019.07.06"]
[EventType "swiss"]
[EventCountry "NOR"]
[SourceTitle "playchess.com"]
[Source "ChessBase"]
[SourceQuality "1"]
[TimeControl "40/5400+30:1800+30"]

1. d4 Nf6 2. c4 g6 3. Nc3 d5 4. Bg5 Ne4 5. h4 Nxg5 6. hxg5 c6 7. Nf3 Bg7 8. e3 Bg4 9. cxd5 cxd5 10. Qb3 Nd7 11. Qxd5 O-O 12. Bb5 Qb6 13. Qe4 Bf5 14. Qh4 h5 15. gxh6 Bf6 16. Ng5 Rac8 17. O-O Rxc3 18. Bxd7 Bxd7 19. bxc3 Qa5 20. f4 Qxc3 21. Qe1 Qd3 22. Rf2 Bc6 23. Qe2 Qc3 24. Qd2 Qa3 25. Rb1 Qd6 26. Qb4 Qd5 27. Qc5 Qd7 28. Nf3 Qe6 29. Ng5 Qxe3 30. Rb3 Bxd4 31. Rxe3 Bxc5 32. Ree2 Rd8 33. h7+ Kg7 34. h8=Q+ Rxh8 35. Nf3 Bxf3 36. gxf3 Bxf2+ 37. Rxf2 Rc8 38. Kg2 Kf6 39. Re2 b5 40. Kg3 a5 41. Re5 Rc2 42. Rxb5 Rxa2 43. Rb6+ e6 44. Rb7 a4 45. Ra7 a3 46. Ra5 Ra1 47. Kg2 a2 48. Kh2 Ke7 49. Kg2 Kd6 50. Kh2 Kc6 51. Kg2 Kb6 52. Ra8 Kc5 53. Ra4 Kb5 54. Ra8 Kb4 55. Ra7 Kb3 56. Rb7+ Kc3 57. Ra7 Kd4 58. Ra5 Ke3 59. Ra4 f6 60. Re4+ Kd3 61. Ra4 e5 62. fxe5 fxe5 63. Ra8 g5 64. Ra3+ Kd4 65. Ra4+ Ke3 66. Re4+ Kd3 67. Ra4 Kc3 68. Ra8 Kd4 69. Ra4+ Kd5 70. Ra6 Kc4 71. Ra8 Kc3 72. Kh2 Rd1 73. Rxa2 Rd2+ 74. Rxd2 Kxd2 75. Kh1 g4 76. Kg2 gxf3+ 77. Kxf3 Kd3 78. Kf2 e4 79. Ke1 Ke3 0-1

[Event "NOR-ch Various 2019"]
[Site "Larvik"]
[Date "2019.07.09"]
[Round "4.10"]
[White "Dybvik, Bjorn Noralf"]
[Black "Roste, Stein"]
[Result "0-1"]
[ECO "B22"]
[WhiteElo "1577"]
[BlackElo "1321"]
[Annotator "NA"]
[PlyCount "138"]
[EventDate "2019.07.06"]
[EventType "swiss"]
[EventCountry "NOR"]
[SourceTitle "playchess.com"]
[Source "ChessBase"]
[SourceQuality "1"]
[TimeControl "40/5400+30:1800+30"]

1. e4 c5 2. c3 d5 3. exd5 Qxd5 4. d4 Nc6 5. Nf3 Bg4 6. Be2 Nf6 7. O-O e6 8. h3 Bf5 9. dxc5 Qxd1 10. Rxd1 Bxc5 11. Nd4 Nxd4 12. cxd4 Bb6 13. Bb5+ Ke7 14. Nc3 Rhd8 15. Be3 a6 16. Ba4 h6 17. Rac1 Rac8 18. Bb3 Ba7 19. a3 b5 20. Ne2 g5 21. Rc3 Ne4 22. Rcc1 Nd6 23. Ng3 Bg6 24. Ne2 Nc4 25. Bxc4 Rxc4 26. Rxc4 bxc4 27. Nc3 Bd3 28. Kh2 Bxd4 29. Bxd4 Rxd4 30. Ne2 Rd8 31. Nc3 Bc2 32. Rxd8 Kxd8 33. h4 g4 34. Kg3 h5 35. Kf4 Kd7 36. Kg5 Bg6 37. g3 Kd6 38. Kf4 e5+ 39. Ke3 f6 40. Na2 a5 41. Nc3 Bc2 42. Nb5+ Kc6 43. Na7+ Kc5 44. Kd2 Bd3 45. Nc8 Bh7 46. Ne7 a4 47. Ke3 e4 48. Nc8 c3 49. bxc3 Kc4 50. Nb6+ Kb3 51. c4 Kxa3 52. c5 Kb4 53. Nxa4 Kxa4 54. c6 Kb5 55. c7 Bf5 56. c8=Q Bxc8 57. Kxe4 Kc5 58. Ke3 Kd5 59. Kd3 Ke5 60. Ke3 f5 61. f4+ gxf3 62. Kxf3 Bb7+ 63. Ke3 Bg2 64. Kf2 Bh3 65. Ke3 Bg4 66. Kf2 Ke4 67. Kg2 Ke3 68. Kg1 Kf3 69. Kh2 Kf2 0-1

[Event "NOR-ch Various 2019"]
[Site "Larvik"]
[Date "2019.07.09"]
[Round "4.11"]
[White "Nordlov, Jorgen"]
[Black "Skretteberg, Martin"]
[Result "1-0"]
[ECO "A07"]
[WhiteElo "1263"]
[BlackElo "1397"]
[Annotator "NA"]
[PlyCount "155"]
[EventDate "2019.07.06"]
[EventType "swiss"]
[EventCountry "NOR"]
[SourceTitle "playchess.com"]
[Source "ChessBase"]
[SourceQuality "1"]
[TimeControl "40/5400+30:1800+30"]

1. Nf3 d5 2. g3 Bg4 3. d4 Nd7 4. Nc3 Ngf6 5. Bf4 a6 6. Bg2 e6 7. a3 Nb6 8. Ne5 Bd6 9. h3 Bh5 10. g4 Bg6 11. Bg5 Be7 12. Nxg6 hxg6 13. Bf4 Nh7 14. e4 Bd6 15. e5 Be7 16. h4 Qd7 17. g5 Nf8 18. h5 gxh5 19. Rxh5 Ng6 20. Rxh8+ Nxh8 21. Bd2 Nc4 22. Bc1 Qc6 23. Qd3 Ng6 24. f4 O-O-O 25. f5 Nh4 26. Bh3 Nxf5 27. Bxf5 exf5 28. Qxf5+ Qe6 29. Qxe6+ fxe6 30. Ne2 Rh8 31. Kf2 Rh2+ 32. Kf3 Kd7 33. Bf4 b5 34. Bxh2 Bxg5 35. Bf4 Be7 36. b4 Nb6 37. Nc1 g5 38. Bg3 Ke8 39. Kg4 Nc4 40. Bf2 Kf7 41. Nb3 Kg6 42. Nc5 Bxc5 43. bxc5 Nd2 44. a4 b4 45. Be3 Ne4 46. a5 Nc3 47. Bxg5 Nb5 48. Be3 Kf7 49. Rb1 Na3 50. Rxb4 Nxc2 51. Rb3 Ke7 52. Bf2 Kd7 53. Kg5 Na1 54. Rb2 Ke7 55. Rb7 Kd7 56. Kf6 Nc2 57. Rb3 Na1 58. Rb2 c6 59. Kg5 Kc7 60. Kf4 Kd7 61. Ke3 Ke7 62. Kd2 Kf7 63. Rb6 Kg6 64. Kc3 Kf5 65. Kb2 Ke4 66. Kxa1 Kf3 67. Rxa6 Kxf2 68. Rxc6 Ke3 69. Rxe6 Kxd4 70. c6 Ke3 71. c7 d4 72. c8=Q d3 73. Rd6 d2 74. Qc3+ Ke2 75. Qxd2+ Kf3 76. Qf4+ Ke2 77. Rd2+ Ke1 78. Qf2# 1-0